TEX
ARKANSAS TRAVELERS @ SPRINGFIELD CARDINALS
08/30/2110
 
TOP OF THE 1ST
Arkansas Travelers batting - Pitching for Springfield Cardinals : RHP Carlos Romero
Pitching: RHP Carlos Romero
Batting: RHB Steve Edwards 0-0: Called Strike
0-1: Ball
1-1: Fly out, F4 (Popup, 3S, EV 82.5 MPH)
Batting: RHB Steve Rasmussen 0-0: Ball
1-0: Foul Ball, location: 2F
1-1: Foul Ball, location: 23F
1-2: Foul Ball, location: 9LMF
1-2: Ball
2-2: Ball
3-2: Foul Ball, location: 2F
3-2: Foul Ball, location: 9LSF
3-2: Foul Ball, location: 2F
3-2: Fly out, F8 (Flyball, 8LXD, EV 94.4 MPH)
Batting: LHB Josh Armstrong 0-0: Called Strike
0-1: Foul Ball, location: 2F
0-2: Ball
1-2: Ball
2-2: Strikes out looking
Top of the 1st over - 0 runs, 0 hits, 0 errors, 0 left on base; Arkansas 0 - Springfield 0
BOTTOM OF THE 1ST
Springfield Cardinals batting - Pitching for Arkansas Travelers : RHP Jonathan Swire
Pitching: RHP Jonathan Swire
Batting: SHB Dave Torres 0-0: Foul Ball, location: 2F
0-1: Foul Ball, location: 7LSF
0-2: Ball
1-2: Ball
2-2: Fly out, F7 (Line Drive, 7S, EV 90.6 MPH)
Batting: RHB Jarred DiSpirito 0-0: Called Strike
0-1: Called Strike
0-2: Strikes out swinging
Batting: LHB Steve Dobbs 0-0: Swinging Strike
0-1: Ball
1-1: Swinging Strike
1-2: DOUBLE (Line Drive, 9LM, EV 101.9 MPH)
Batting: RHB John Bougie 0-0: Swinging Strike
0-1: Ball
1-1: Ground out 6-3 (Groundball, 6, EV 102.5 MPH)
Bottom of the 1st over - 0 runs, 1 hit, 0 errors, 1 left on base; Arkansas 0 - Springfield 0
TOP OF THE 2ND
Arkansas Travelers batting - Pitching for Springfield Cardinals : RHP Carlos Romero
Batting: RHB Rafael Cabrera 0-0: Swinging Strike
0-1: Ball
1-1: Called Strike
1-2: Ball
2-2: Strikes out swinging
Batting: RHB Fernando Gonzalez 0-0: Ball
1-0: Called Strike
1-1: Ball
2-1: Called Strike
2-2: Strikes out swinging
Batting: LHB Andres Alvarado 0-0: SINGLE (Line Drive, 8LS, EV 98.1 MPH)
Batting: RHB Jerry Algerio Pickoff Throw to First - Out! 1-3
Top of the 2nd over - 0 runs, 1 hit, 0 errors, 0 left on base; Arkansas 0 - Springfield 0
BOTTOM OF THE 2ND
Springfield Cardinals batting - Pitching for Arkansas Travelers : RHP Jonathan Swire
Batting: LHB Nate Amirault 0-0: Called Strike
0-1: Foul Ball, location: 2F
0-2: Strikes out swinging
Batting: RHB Juan Santos 0-0: Called Strike
0-1: Ball
1-1: SINGLE (Line Drive, 89S, EV 105.6 MPH)
Batting: RHB Mike McDowell 0-0: Swinging Strike
0-1: Swinging Strike
0-2: Ball
1-2: Ball
2-2: Foul Ball, location: 25F
2-2: Ball
3-2: Foul Ball, location: 2F
3-2: Grounds into double play, 6-4-3 (Groundball, 6, EV 82.5 MPH)
Bottom of the 2nd over - 0 runs, 1 hit, 0 errors, 0 left on base; Arkansas 0 - Springfield 0
TOP OF THE 3RD
Arkansas Travelers batting - Pitching for Springfield Cardinals : RHP Carlos Romero
Batting: RHB Jerry Algerio 0-0: Ball
1-0: Ball
2-0: Foul Ball, location: 3SF
2-1: SINGLE (Flyball, 3D, EV 89.4 MPH)
Batting: LHB Robby Rothbaum 0-0: Ball
1-0: Ball
2-0: Sac Bunt to 2L - play at first, batter OUT! 2-3
Jerry Algerio to second
Batting: RHB Matt Rose 0-0: Fly out, F8 (Flyball, 78M, EV 78.1 MPH)
Batting: RHB Steve Edwards 0-0: SINGLE (Line Drive, 9S, EV 100.6 MPH)
Jerry Algerio to third
Runner from 3rd tries for Home, SAFE, throw by RF to home
Batting: RHB Steve Rasmussen 0-0: Ball
1-0: Ball
2-0: Ball
3-0: Called Strike
3-1: Base on Balls
Steve Edwards to second
Batting: LHB Josh Armstrong 0-0: Ball
1-0: Called Strike
1-1: Ball
2-1: 3-RUN HOME RUN (Flyball, 89XD, EV 96.3 MPH), Distance : 398 ft
Batting: RHB Rafael Cabrera 0-0: Ball
1-0: Swinging Strike
1-1: Foul Ball, location: 3F
1-2: Ball
2-2: Ball
3-2: Strikes out looking
Top of the 3rd over - 4 runs, 3 hits, 0 errors, 0 left on base; Arkansas 4 - Springfield 0
BOTTOM OF THE 3RD
Springfield Cardinals batting - Pitching for Arkansas Travelers : RHP Jonathan Swire
Batting: RHB Terry Beckett 0-0: Ball
1-0: Called Strike
1-1: Swinging Strike
1-2: Foul Ball, location: 25F
1-2: DOUBLE (Line Drive, 78D, EV 108.8 MPH)
Batting: LHB Bobby Johnson 0-0: Ball
1-0: Called Strike
1-1: Ball
2-1: Called Strike
2-2: Ball
3-2: Foul Ball, location: 3F
3-2: Strikes out swinging
Batting: SHB Dave Torres 0-0: Called Strike
0-1: DOUBLE (Flyball, 78D, EV 98.1 MPH)
Terry Beckett scores
Batting: RHB Jarred DiSpirito 0-0: Called Strike
0-1: Called Strike
0-2: Foul Ball, location: 9LMF
0-2: Ground out 3-1 (Groundball, 34S, EV 91.3 MPH)
Dave Torres to third
Batting: LHB Steve Dobbs 0-0: Swinging Strike
0-1: Foul Ball, location: 25F
0-2: Foul Ball, location: 7LSF
0-2: Strikes out swinging
Bottom of the 3rd over - 1 run, 2 hits, 0 errors, 1 left on base; Arkansas 4 - Springfield 1
TOP OF THE 4TH
Arkansas Travelers batting - Pitching for Springfield Cardinals : RHP Carlos Romero
Batting: RHB Fernando Gonzalez 0-0: Foul Ball, location: 2F
0-1: Ball
1-1: Fly out, F9 (Flyball, 89M, EV 86.9 MPH)
Batting: LHB Andres Alvarado 0-0: Ball
1-0: Foul Ball, location: 7LDF
1-1: Ball
2-1: Called Strike
2-2: Foul Ball, location: 9LSF
2-2: Ball
3-2: Base on Balls
Batting: RHB Jerry Algerio 0-0: Called Strike
0-1: Ball
1-1: Ball
2-1: Ball
3-1: Called Strike
3-2: Strikes out swinging
Batting: LHB Robby Rothbaum 0-0: Foul Ball, location: 2F
0-1: Foul Ball, location: 2F
0-2: Ball
1-2: Strikes out swinging
Top of the 4th over - 0 runs, 0 hits, 0 errors, 1 left on base; Arkansas 4 - Springfield 1
BOTTOM OF THE 4TH
Springfield Cardinals batting - Pitching for Arkansas Travelers : RHP Jonathan Swire
Batting: RHB John Bougie 0-0: Ball
1-0: Ball
2-0: Ball
3-0: Base on Balls
Batting: LHB Nate Amirault 0-0: Ball
Wild Pitch!
John Bougie to second
1-0: Foul Ball, location: 2F
1-1: Ball
2-1: Foul Ball, location: 9LDF
2-2: SINGLE (Groundball, 34D, EV 97.5 MPH)
John Bougie to third
Runner from 3rd tries for Home, SAFE, throw by RF to home
Batting: RHB Juan Santos 0-0: Bunted foul
0-1: Ball
1-1: Fly out, F6 (Popup, 6MD, EV 26.3 MPH)
Batting: RHB Mike McDowell 0-0: Ball
1-0: Called Strike
1-1: Swinging Strike
1-2: Foul Ball, location: 2F
1-2: Fielders Choice at 2nd, 6-4 (Groundball, 6, EV 106.3 MPH)
Batting: RHB Terry Beckett 0-0: Ball
Mike McDowell steals 2nd base
1-0: Called Strike
1-1: Ball
2-1: SINGLE (Line Drive, 7S, EV 98.1 MPH)
Mike McDowell to third
Runner from 3rd tries for Home, SAFE, throw by LF to home
Batting: LHB Bobby Johnson 0-0: Ball
1-0: SINGLE (Line Drive, 8RS, EV 102.5 MPH)
Terry Beckett to second
Runner from 2nd tries for 3rd, OUT! 8-5
Bottom of the 4th over - 2 runs, 3 hits, 0 errors, 1 left on base; Arkansas 4 - Springfield 3
TOP OF THE 5TH
Arkansas Travelers batting - Pitching for Springfield Cardinals : RHP Carlos Romero
Batting: RHB Matt Rose 0-0: Ball
1-0: Ball
2-0: Ball
3-0: Called Strike
3-1: Foul Ball, location: 3FF
3-2: Strikes out swinging
Batting: RHB Steve Edwards 0-0: Foul Ball, location: 23FF
0-1: Foul Ball, location: 23FF
0-2: Foul Ball, location: 2F
0-2: Ball
1-2: Ball
2-2: SOLO HOME RUN (Line Drive, 9LD, EV 93.8 MPH), Distance : 343 ft
Pitching: LHP Cesar Garza
Batting: RHB Steve Rasmussen 0-0: Swinging Strike
0-1: Foul Ball, location: 25F
0-2: Ball
1-2: Ball
2-2: Fly out, F7 (Flyball, 78S, EV 88.1 MPH)
Batting: LHB Josh Armstrong 0-0: Called Strike
0-1: Ball
1-1: Foul Ball, location: 2F
1-2: Foul Ball, location: 9LSF
1-2: Foul Ball, location: 2F
1-2: Strikes out swinging
Top of the 5th over - 1 run, 1 hit, 0 errors, 0 left on base; Arkansas 5 - Springfield 3
BOTTOM OF THE 5TH
Springfield Cardinals batting - Pitching for Arkansas Travelers : RHP Jonathan Swire
Batting: SHB Dave Torres 0-0: Ball
1-0: DOUBLE (Line Drive, 8LXD, EV 100.0 MPH)
Batting: RHB Jarred DiSpirito 0-0: Called Strike
0-1: 2-RUN HOME RUN (Flyball, 8LXD, EV 100.0 MPH), Distance : 423 ft
Pitching: RHP Darius Brown
Batting: LHB Steve Dobbs 0-0: Called Strike
0-1: Ground out 4-3 (Groundball, 4, EV 70.6 MPH)
Batting: RHB John Bougie 0-0: Called Strike
0-1: Swinging Strike
0-2: Strikes out swinging
Batting: LHB Nate Amirault 0-0: Ball
1-0: Ball
2-0: Foul Ball, location: 2F
2-1: Reached via error on a dropped throw from 1B, E1 (Groundball, 34, EV 88.8 MPH)
Batting: RHB Juan Santos 0-0: Called Strike
0-1: Foul Ball, location: 2F
0-2: Ball
1-2: Ball
2-2: Foul Ball, location: 5DF
2-2: Strikes out swinging
Bottom of the 5th over - 2 runs, 2 hits, 1 error, 1 left on base; Arkansas 5 - Springfield 5
TOP OF THE 6TH
Arkansas Travelers batting - Pitching for Springfield Cardinals : LHP Cesar Garza
Batting: RHB Rafael Cabrera 0-0: Called Strike
0-1: Called Strike
0-2: Foul Ball, location: 2F
0-2: Ball
1-2: Strikes out swinging
Batting: RHB Fernando Gonzalez 0-0: SINGLE (Flyball, 89S, EV 68.1 MPH)
Batting: LHB Andres Alvarado 0-0: Called Strike
0-1: Ball
1-1: Fly out, F6 (Line Drive, 6D, EV 71.3 MPH)
Batting: RHB Jerry Algerio 0-0: Ball
1-0: Ball
2-0: Hit by Pitch
Fernando Gonzalez to second
Batting: LHB Robby Rothbaum 0-0: Called Strike
0-1: Ball
1-1: SINGLE (Groundball, 4MD, EV 96.9 MPH)
Fernando Gonzalez to third
Jerry Algerio to second
Runner from 3rd tries for Home, SAFE, throw by CF to trailing runner, OUT at third! 8-3-5
Top of the 6th over - 1 run, 2 hits, 0 errors, 1 left on base; Arkansas 6 - Springfield 5
BOTTOM OF THE 6TH
Springfield Cardinals batting - Pitching for Arkansas Travelers : RHP Darius Brown
Pinch Hitting: LHB Mike Lawlor 0-0: Ball
1-0: Ball
2-0: Foul Ball, location: 2F
2-1: Swinging Strike
2-2: SINGLE (Groundball, 4D, EV 98.8 MPH)
Batting: RHB Terry Beckett 0-0: Foul Ball, location: 5F
0-1: Ball
1-1: Bunted foul
1-2: Ball
2-2: Ground out 5-3 (Groundball, 5S, EV 68.8 MPH)
Mike Lawlor to second
Batting: LHB Bobby Johnson 0-0: Ball
1-0: Fly out, F7 (Flyball, 78S, EV 81.9 MPH)
Batting: SHB Dave Torres 0-0: Ball
1-0: Ball
2-0: Swinging Strike
2-1: Ball
3-1: DOUBLE (Line Drive, 8LXD, EV 106.3 MPH)
Mike Lawlor scores
Batting: RHB Jarred DiSpirito 0-0: Foul Ball, location: 9LDF
0-1: SINGLE (Flyball, 4D, EV 96.9 MPH)
Dave Torres to third
Runner from 3rd tries for Home, SAFE, throw by CF to home
Batting: LHB Steve Dobbs 0-0: Called Strike
0-1: Ball
1-1: Ball
2-1: Ball
3-1: Fly out, F7 (Line Drive, 7, EV 87.5 MPH)
Bottom of the 6th over - 2 runs, 3 hits, 0 errors, 1 left on base; Arkansas 6 - Springfield 7
TOP OF THE 7TH
Arkansas Travelers batting - Pitching for Springfield Cardinals : LHP Cesar Garza
Now at SS: Josh Jones
Batting: RHB Matt Rose 0-0: Ball
1-0: Ball
2-0: SINGLE (Groundball, 4MD, EV 98.1 MPH)
Batting: RHB Steve Edwards 0-0: Ground out 4-3 (Groundball, 34S, EV 92.5 MPH)
Matt Rose to second
Batting: RHB Steve Rasmussen 0-0: Swinging Strike
0-1: Called Strike
0-2: Foul Ball, location: 3F
0-2: Ball
1-2: Strikes out swinging
Batting: LHB Josh Armstrong 0-0: Called Strike
0-1: Ball
1-1: Foul Ball, location: 2F
1-2: Foul Ball, location: 2F
1-2: Foul Ball, location: 2RF
1-2: Ball
2-2: Ground out U3 (Groundball, 34, EV 80.6 MPH)
Top of the 7th over - 0 runs, 1 hit, 0 errors, 1 left on base; Arkansas 6 - Springfield 7
BOTTOM OF THE 7TH
Springfield Cardinals batting - Pitching for Arkansas Travelers : RHP Darius Brown
Batting: RHB John Bougie 0-0: Fly out, F8 (Flyball, 8RS, EV 88.1 MPH)
Batting: LHB Nate Amirault 0-0: Ground out 1-3 (Groundball, 13, EV 70.0 MPH)
Batting: RHB Juan Santos 0-0: Foul Ball, location: 2F
0-1: Foul Ball, location: 9LDF
0-2: Fly out, F8 (Flyball, 8LM, EV 78.1 MPH)
Bottom of the 7th over - 0 runs, 0 hits, 0 errors, 0 left on base; Arkansas 6 - Springfield 7
TOP OF THE 8TH
Arkansas Travelers batting - Pitching for Springfield Cardinals : LHP Cesar Garza
Pitching: RHP Steve Harrison
Batting: RHB Rafael Cabrera 0-0: Swinging Strike
0-1: Swinging Strike
0-2: DOUBLE (Flyball, 78XD, EV 109.4 MPH)
Batting: RHB Fernando Gonzalez 0-0: SINGLE (Flyball, 7S, EV 99.4 MPH)
Rafael Cabrera to third
Batting: LHB Andres Alvarado 0-0: Called Strike
0-1: SINGLE (Groundball, 4MD, EV 98.1 MPH)
Rafael Cabrera scores
Fernando Gonzalez to second
Pitching: LHP Elias Castillo
Batting: RHB Jerry Algerio 0-0: Ball
1-0: Foul Ball, location: 3DF
1-1: SINGLE (Line Drive, 9LS, EV 106.9 MPH)
Fernando Gonzalez to third
Andres Alvarado to second
Runner from 3rd tries for Home, throw by RF and OUT! 9-2
Batting: LHB Robby Rothbaum 0-0: Fly out, F7 (Flyball, 7D, EV 88.8 MPH)
Runner from 2nd tags up, SAFE at 3rd, no throw by LF
Batting: RHB Matt Rose 0-0: Ball
Wild Pitch!
Andres Alvarado scores
Jerry Algerio to second
1-0: Swinging Strike
1-1: Fly out, F9 (Line Drive, 9S, EV 95.0 MPH)
Top of the 8th over - 2 runs, 4 hits, 0 errors, 1 left on base; Arkansas 8 - Springfield 7
BOTTOM OF THE 8TH
Springfield Cardinals batting - Pitching for Arkansas Travelers : RHP Darius Brown
Pinch Hitting: SHB Marco Reyes 0-0: Foul Ball, location: 2F
0-1: Ground out 4-3 (Groundball, 34, EV 76.9 MPH)
Batting: RHB Terry Beckett 0-0: Ball
1-0: Swinging Strike
1-1: Hit by Pitch
Pitching: LHP Mitch Jarrell
Batting: LHB Bobby Johnson 0-0: Ball
1-0: Swinging Strike
1-1: Ball
2-1: Ball
3-1: Foul Ball, location: 5F
3-2: SINGLE (Groundball, 6M, EV 80.0 MPH) (infield hit)
Terry Beckett to second
Batting: SHB Dave Torres 0-0: Ball
1-0: Foul Ball, location: 2F
1-1: Ball
2-1: Swinging Strike
2-2: Ball
3-2: Base on Balls
Terry Beckett to third
Bobby Johnson to second
Batting: RHB Jarred DiSpirito 0-0: Ball
1-0: Ball
2-0: Called Strike
2-1: Ball
3-1: Swinging Strike
3-2: Base on Balls
Terry Beckett scores
Bobby Johnson to third
Dave Torres to second
Batting: RHB Tim Thompson 0-0: Fly out, F8 (Flyball, 8LD, EV 106.3 MPH)
Runner from 3rd tags up, SCORES, no throw by CF
Batting: RHB John Bougie 0-0: Called Strike
0-1: Foul Ball, location: 2F
0-2: Ball
1-2: Strikes out swinging
Bottom of the 8th over - 2 runs, 1 hit, 0 errors, 2 left on base; Arkansas 8 - Springfield 9
TOP OF THE 9TH
Arkansas Travelers batting - Pitching for Springfield Cardinals : LHP Elias Castillo
Now at SS: Julio Rivera
Batting: RHB Steve Edwards 0-0: Ball
1-0: Foul Ball, location: 23F
1-1: Called Strike
1-2: Ball
2-2: Strikes out swinging
Batting: RHB Steve Rasmussen 0-0: Hit by Pitch
Batting: RHB Eric Messner 0-0: Ball
1-0: Called Strike
1-1: Ball
2-1: DOUBLE (Line Drive, 3D, EV 102.5 MPH)
Steve Rasmussen to third
Runner from 3rd tries for Home, SAFE, throw by RF to trailing runner, OUT at third! 9-3-5
Batting: RHB Rafael Cabrera 0-0: Called Strike
0-1: Ground out 4-3 (Groundball, 4, EV 88.1 MPH)
Top of the 9th over - 1 run, 1 hit, 0 errors, 0 left on base; Arkansas 9 - Springfield 9
BOTTOM OF THE 9TH
Springfield Cardinals batting - Pitching for Arkansas Travelers : LHP Mitch Jarrell
Pinch Hitting: RHB Carlos Rivera 0-0: Fly out, F6 (Popup, P, EV 84.4 MPH)
Batting: RHB Juan Santos 0-0: Ball
1-0: Swinging Strike
1-1: Foul Ball, location: 5SF
1-2: Strikes out looking
Batting: RHB Julio Rivera 0-0: Swinging Strike
0-1: Ball
1-1: Ball
2-1: SINGLE (Groundball, P, EV 82.5 MPH) (infield hit)
Batting: RHB Terry Beckett 0-0: Ball
1-0: Ground out 1-3 (Groundball, 13S, EV 72.5 MPH)
Bottom of the 9th over - 0 runs, 1 hit, 0 errors, 1 left on base; Arkansas 9 - Springfield 9
TOP OF THE 10TH
Arkansas Travelers batting - Pitching for Springfield Cardinals : LHP Elias Castillo
Rafael Cabrera starts the inning at 2nd base.
Now in LF: Tim Holmes
Batting: RHB Fernando Gonzalez 0-0: Intentional Walk
Pinch Hitting: RHB Aaron Wanner 0-0: Ball
1-0: Ball
2-0: Ball
3-0: Base on Balls
Rafael Cabrera to third
Fernando Gonzalez to second
Batting: RHB Jerry Algerio 0-0: Called Strike
0-1: Fly out, F9 (Flyball, 9, EV 91.3 MPH)
Runner from 3rd tags up, SCORES, throw by RF
Batting: LHB Robby Rothbaum 0-0: DOUBLE (Flyball, 78D, EV 97.5 MPH)
Fernando Gonzalez scores
Aaron Wanner to third
Pitching: RHP Matt Helsen
Pinch Hitting: LHB Ruben Cardenas 0-0: Ball
1-0: Foul Ball, location: 2F
1-1: Ball
2-1: Foul Ball, location: 2F
2-2: Strikes out swinging
Batting: RHB Steve Edwards 0-0: Called Strike
0-1: Ball
1-1: SINGLE (Groundball, 34D, EV 97.5 MPH)
Aaron Wanner scores
Robby Rothbaum to third
Runner from 3rd tries for Home, SAFE, throw by RF to home
Steve Edwards to second
Batting: RHB Steve Rasmussen 0-0: Called Strike
0-1: Swinging Strike
0-2: Foul Ball, location: 2F
0-2: Strikes out swinging
Top of the 10th over - 4 runs, 2 hits, 0 errors, 1 left on base; Arkansas 13 - Springfield 9
BOTTOM OF THE 10TH
Springfield Cardinals batting - Pitching for Arkansas Travelers : LHP Mitch Jarrell
Terry Beckett starts the inning at 2nd base.
Now at 1B: Israel del Valle
Now at SS: Ray Whitley
Now in CF: Steve Rasmussen
Now in RF: Rafael Cabrera
Batting: LHB Bobby Johnson 0-0: SINGLE (Line Drive, 8LS, EV 97.5 MPH)
Terry Beckett to third
Batting: SHB Dave Torres 0-0: Ball
1-0: SINGLE (Line Drive, 9LS, EV 111.3 MPH)
Terry Beckett scores
Bobby Johnson to second
Batting: RHB Jarred DiSpirito 0-0: Called Strike
0-1: Called Strike
0-2: Hit by Pitch
Bobby Johnson to third
Dave Torres to second
Batting: RHB Tim Thompson 0-0: Ball
1-0: Foul Ball, location: 9LMF
1-1: Swinging Strike
1-2: DOUBLE (Line Drive, 9LS, EV 99.4 MPH)
Bobby Johnson scores
Dave Torres scores
Jarred DiSpirito to third
Runner from 3rd tries for Home, SAFE, throw by RF to trailing runner, SAFE at third!
Batting: RHB John Bougie 0-0: Intentional Walk
Pitching: RHP Ernie Anderson
Batting: LHB Tim Holmes 0-0: Single, Error in OF, E9, batter to second base (Line Drive, 3D, EV 93.8 MPH)
Tim Thompson scores
Bottom of the 10th over - 5 runs, 4 hits, 1 error, 2 left on base; Arkansas 13 - Springfield 14
Sunday, June 8th , 2025 - OOTP Baseball 26.4 Build 61